AoeStats
← Livakovic

Black Forest

509793599Analyzed
2v2 RM · 5d ago on Sep 28, 2026· 58m 9s· 4 players
Game mode
Random Map
Map size
Medium (4 player)
Population
200
Speed
Normal
Resources
Standard
Victory
Conquest
Starting age
Dark Age
Ending age
Imperial Age
RankedLock teamsTeams togetherTeam positionsShared explorationLock speedFull tech treeHidden civsTurbo modeCheats
Victory
Defeat
🇦🇷 Franks · Argentina
661
+15
🇨🇱 Sicilians · Chile
636
+30
🇭🇰 Britons · Hong Kong SAR China
657
-16
🇺🇸 Koreans · United States
640
-15
radii
0:26 Loom
13:43 Feudal Age
15:00 Wheelbarrow
14:14 Double-Bit Axe
14:12 Horse Collar
27:36 Castle Age
26:04 Fletching
29:05 Hand Cart
29:03 Bow Saw
28:57 Heavy Plow
33:31 Gold Mining
34:12 Treadmill Crane
34:44 Masonry
35:41 Gold Shaft Mining
35:39 Fervor
35:28 Town Watch
38:22 Imperial Age
36:42 Caravan
40:27 Chemistry
39:48 Ballistics
38:58 Elite Skirmisher
39:47 Thumb Ring
39:51 Bodkin Arrow
41:42 Conscription
41:23 Eupseong
41:52 Forging
41:44 Scale Mail Armor
43:31 Pikeman
44:10 Murder Holes
44:35 Fortified Wall
45:40 Squires
47:59 Architecture
52:16 Iron Casting
51:56 Chain Mail Armor
53:03 Arrowslits
53:25 Siege Engineers
53:37 Chain Mail Armor
53:23 Bracer
dzy395297342
0:53 Loom
14:01 Feudal Age
15:27 Wheelbarrow
14:53 Double-Bit Axe
17:11 Horse Collar
17:42 Gold Mining
25:06 Castle Age
23:16 Padded Archer Armor
23:09 Fletching
25:31 Scale Mail Armor
25:51 Heavy Plow
27:17 Leather Archer Armor
28:13 Gold Shaft Mining
27:59 Crossbowman
30:27 Hand Cart
34:56 Pikeman
35:37 Bodkin Arrow
35:58 Chain Mail Armor
35:54 Forging
42:04 Imperial Age
44:12 Warwolf
43:38 Elite Longbowman
45:46 Arbalester
46:31 Bracer
47:02 Ring Archer Armor
47:03 Plate Mail Armor
47:09 Iron Casting
50:09 Halberdier
52:11 Blast Furnace
51:38 Yeomen
matissa.o.w
15:14 Feudal Age
35:13 Castle Age
34:42 Padded Archer Armor
49:29 Pikeman
50:10 Squires
Livakovic
5:33 Loom
10:20 Feudal Age
12:52 Double-Bit Axe
17:39 Gold Mining
22:22 Castle Age
22:48 Stone Mining
23:15 Scale Barding Armor
23:22 Forging
25:24 Gold Shaft Mining
25:48 Bow Saw
29:14 Husbandry
29:53 Iron Casting
36:00 Imperial Age
34:42 Wheelbarrow
33:58 Town Watch
35:02 Chain Barding Armor
34:34 Fletching
36:18 Capped Ram
38:04 Chemistry
37:24 Ballistics
36:45 Treadmill Crane
37:01 Murder Holes
37:16 Fortified Wall
37:17 Masonry
37:13 Siege Engineers
36:59 Guard Tower
37:14 Town Patrol
38:44 Hand Cart
38:49 Cavalier
41:29 Blast Furnace
40:25 Bodkin Arrow
41:05 Plate Barding Armor
40:31 Scale Mail Armor
41:06 Paladin
42:22 Caravan
44:03 Hoardings
43:49 Conscription
44:00 Squires
43:21 Pikeman
43:48 Arson
44:41 Halberdier
45:39 Chain Mail Armor
49:48 Elite Throwing Axeman
52:03 Plate Mail Armor
55:39 Theocracy
Connection lost

Rejoining the realm…

Still unreachable

The connection could not be restored.

Session expired

The server has moved on; the page needs a fresh start.